 Dungeon Crawl Stone Soup version 0.29.1-14-g9c671dbff4 (webtiles) character file.

Game seed: 3460700073036104210

46 Descartes the Ducker (level 3, 0/15 HPs)
             Began as a Felid Wanderer on Feb 13, 2023.
             Succumbed to an adder's poison
             ... on level 2 of the Dungeon.
             The game lasted 00:02:06 (2969 turns).

Descartes the Ducker (Felid Wanderer)               Turns: 2969, Time: 00:02:07

Health: 0/15       AC:  1    Str:  9    XL:     3   Next: 46%
Magic:  8/8        EV: 20    Int: 14    God:
Gold:   83         SH:  0    Dex: 15    Spells: 8/8 levels left
                                        Lives:  0   Deaths: 0

rFire   . . .      SeeInvis +     - Unarmed
rCold   . . .      Faith    .   (shield unavailable)
rNeg    . . .      Spirit   .   (body armour unavailable)
rPois   .          Reflect  .   (helmet unavailable)
rElec   .          Harm     .   (cloak unavailable)
rCorr   .          Rampage  .   (gloves unavailable)
Will    .....                   (boots unavailable)
Stlth   ++........              (no amulet)
HPRegen 0.05/turn               (no ring)
MPRegen 0.11/turn               (no ring)

@: lethally poisoned (0 -> -6), quick
A: very small, claws 1, fangs 3, see invisible, speed 1, shaggy fur 1, stealthy
paws, no weapons or thrown items, no armour, multi-lived
a: no special abilities


You were on level 2 of the Dungeon.
You visited 1 branch of the dungeon, and saw 2 of its levels.

You collected 83 gold pieces.

Inventory:

Jewellery
 g - a ring of protection from cold
 i - a +6 ring of strength
Scrolls
 b - a scroll of silence
 e - a scroll of teleportation {unknown}
 f - 3 scrolls of poison {unknown}
Potions
 a - a potion of attraction
 c - 3 potions of curing {unknown}
 d - 3 potions of flight {unknown}
 h - a potion of brilliance {unknown}


   Skills:
 - Level 1.0 Fighting
 + Level 7.1 Dodging
 + Level 2.5 Stealth
 + Level 1.6 Unarmed Combat
 - Level 3.0 Spellcasting
 - Level 1.0 Invocations


You had 8 spell levels left.
You didn't know any spells.
Your spell library contained the following spells:

 Spells                   Type           Power      Damage    Failure   Level
 Foxfire                  Conj/Fire      8%         2x1d4     22%         1
 Conjure Flame            Conj/Fire      2%         6-21      54%         3
 Inner Flame              Hex/Fire       2%         N/A       54%         3
 Flame Wave               Conj/Fire      2%         2d4       91%         4


Dungeon Overview and Level Annotations

Branches:
Dungeon (2/15)

Altars:


Innate Abilities, Weirdness & Mutations

You have sharp claws.
You have razor-sharp teeth.
You have supernaturally acute eyesight. (SInv)
You cover ground quickly. (Speed+)
You are covered in fur. (AC +1)
Your paws help you pounce on unaware monsters.
You are incapable of wielding weapons or throwing items.
You cannot wear armour.
You gain extra lives every three experience levels.


Message History

A bat comes into view.
A bat is nearby!
You pounce on the unaware helpless bat!
You claw the bat!
You kill the bat!
No target in view!
No target in view!
No target in view!
No target in view!
No target in view!
No target in view!
No target in view!
You see here a bat corpse.
Found an escape hatch in the floor.
No target in view!
An adder and a goblin come into view.
The adder hisses angrily.
You closely miss the adder. The adder misses you. x2
You scratch the adder but do no damage. The adder bites you.
You are poisoned.
The adder poisons you!
You scratch the adder.
The adder is moderately wounded.
You feel sick. The adder closely misses you.
You closely miss the adder.
The adder is moderately wounded.
You feel sick. The adder completely misses you.
You scratch the adder but do no damage.
The adder is moderately wounded.
You feel sick. The adder bites you.
You are lethally poisoned!
The adder poisons you! The goblin hits you with a +0 dagger.
The adder bites you.
* * * LOW HITPOINT WARNING * * *
* * * LOW HITPOINT WARNING * * *
You feel sick. The goblin barely misses you.
The adder attacks as you move away! The adder closely misses you.
Found a scroll of silence.
* * * LOW HITPOINT WARNING * * *
You feel sick. The goblin barely misses you.
You die...

... ##......... .. .......... .?
#......... . #......... ##
#.#......... ...##.##........
#.>...gS......# ..#.....#######
###..@### ###...#### #.#....###
#..###...# ##(# ###.######
####### #.# #......####
......###########.##########..†..
#####................############
##########...................


You could see an adder and a goblin.

Vanquished Creatures
  An adder (D:2)
  A worm (D:2)
  A dart slug (D:1)
  2 endoplasms (D:1)
  2 giant cockroaches (D:1)
  3 goblins (D:1)
  4 hobgoblins
  3 quokkas (D:1)
  2 ball pythons (D:1)
  4 bats
  3 frilled lizards (D:1)
  3 kobolds
  3 rats (D:1)
32 creatures vanquished.

Notes
Turn   | Place    | Note
-------+----------+-------------------------------------------
     0 | D:1      | Descartes the Felid Wanderer began the quest for the Orb.
     0 | D:1      | Descartes set off with the following items: a potion of
                  | attraction, a scroll of silence.
     0 | D:1      | Reached XP level 1. HP: 9/9 MP: 5/5
    90 | D:1      | Reached skill level 1 in Stealth
   609 | D:1      | Reached XP level 2. HP: 6/12 MP: 7/7
  1142 | D:1      | Found a faded altar of an unknown god.
  1218 | D:1      | Reached skill level 1 in Unarmed Combat
  1531 | D:1      | Reached skill level 7 in Dodging
  1872 | D:1      | Reached XP level 3. HP: 15/15 MP: 8/8
  2969 | D:2      | Succumbed to an adder's poison

Illustrated notes

Levels and vault maps discovered:
D:1:      dpeg_arrival_renting, layout_loops_corners,
          chequers_ecumenical_altar_simple_redux
D:2:      layout_rooms

Skill      XL: |  1  2 |
---------------+-------+-----
Stealth        | 1 2 |  2.5
Unarmed Combat | 1 |  1.6
Dodging        | 7 |  7.1
Fighting       | |  1.0
Spellcasting   | |  3.0
Invocations    | |  1.0

Action                   || total
-------------------------++-------
Melee: Unarmed           ||   134
       Bite              ||    14
       Punch             ||     4
 Stab: Distracted        ||     1
       Sleeping          ||     6
Armor: Skin              ||     6
Dodge: Dodged            ||    97
